 Dungeon Crawl Stone Soup version 0.26.1-10-gdfb7c7de75 (webtiles) character file.

Game seed: 14599021104139507980

255 sankara the Shield-Bearer (level 6, -1/53 HPs)
             Began as a Gnoll Fighter on Apr 7, 2021.
             Slain by an ogre
             ... wielding a +0 giant club
              (6 damage)
             ... on level 3 of the Dungeon.
             The game lasted 00:05:34 (3099 turns).

sankara the Shield-Bearer (Gnoll Fighter)           Turns: 3099, Time: 00:05:34

Health: -1/53      AC: 10    Str: 18    XL:     6   Next: 15%
Magic:  8/8        EV:  6    Int: 11    God:
Gold:   156        SH: 11    Dex: 16    Spells: 8/8 levels left

rFire    . . .     SeeInvis .   h - +0 whip
rCold    . . .     Faith    .   c - +0 kite shield
rNeg     . . .     Spirit   .   u - +0 chain mail
rPois    .         Reflect  .   (no helmet)
rElec    .         Harm     .   n - scarf {shadows}
rCorr    .         Rampage  .   (no gloves)
Will     .....                  (no boots)
Stlth    ..........             (no amulet)
HPRegen  0.17/turn              (no ring)
MPRegen  0.11/turn              (no ring)

@: no status effects
A: distributed training, fangs 1, strong nose
a: no special abilities


You were on level 3 of the Dungeon.
You visited 1 branch of the dungeon, and saw 4 of its levels.

You collected 156 gold pieces.

Inventory:

Hand Weapons
 a - a +0 flail
 h - a +0 whip (weapon)
Missiles
 e - 111 stones (quivered)
 l - 16 sling bullets
 q - 22 poisoned darts
 r - 5 datura-tipped darts
Armour
 c - a +0 kite shield (worn)
 n - a scarf of shadows (worn)
 u - a +0 chain mail (worn)
Scrolls
 b - 3 scrolls of teleportation {unknown}
 f - a scroll of immolation {unknown}
 i - 2 scrolls of fear {unknown}
 j - a scroll of magic mapping {unknown}
 k - 3 scrolls of enchant armour {unknown}
 m - 2 scrolls of remove curse {unknown}
 o - 4 scrolls of identify {unknown}
 v - 2 scrolls of amnesia {unknown}
Potions
 d - a potion of might
 g - 3 potions of resistance {unknown}
 p - a potion of lignification {unknown}
 s - a potion of attraction {unknown}
 t - a potion of flight {unknown}
 w - a potion of brilliance {unknown}


   Skills:
 + Level 6.8 Fighting
 + Level 1.8 Short Blades
 + Level 1.8 Long Blades
 + Level 1.8 Axes
 + Level 4.9 Maces & Flails
 + Level 1.8 Polearms
 + Level 1.8 Staves
 + Level 1.8 Slings
 + Level 1.8 Bows
 + Level 1.8 Crossbows
 + Level 1.8 Throwing
 + Level 6.8 Armour
 + Level 1.8 Dodging
 + Level 1.8 Stealth
 + Level 6.8 Shields
 + Level 1.8 Unarmed Combat
 + Level 1.8 Spellcasting
 + Level 1.4 Conjurations
 + Level 1.4 Hexes
 + Level 1.4 Summonings
 + Level 1.4 Necromancy
 + Level 1.4 Translocations
 + Level 1.4 Transmutations
 + Level 1.4 Fire Magic
 + Level 1.4 Ice Magic
 + Level 1.4 Air Magic
 + Level 1.4 Earth Magic
 + Level 1.4 Poison Magic
 + Level 2.0 Invocations
 + Level 1.8 Evocations


You had 8 spell levels left.
You didn't know any spells.
Your spell library was empty.

Dungeon Overview and Level Annotations

Branches:
Dungeon (4/15)
 Temple: D:4-7

Altars:


Innate Abilities, Weirdness & Mutations

Your experience applies equally to all skills.
You have very sharp teeth.
Your uncanny sense of smell can sniff out nearby items.


Message History

The ogre is moderately wounded.
The ogre hits you with a +0 giant club!
You hit the ogre.
The ogre is moderately wounded.
You hit the ogre.
The ogre is heavily wounded.
The ogre hits you with a +0 giant club!
* * * LOW HITPOINT WARNING * * *
You barely miss the ogre.
The ogre is heavily wounded.
You block the ogre's attack.
You hit the ogre. Your bite misses the ogre.
The ogre is severely wounded.
You hit the ogre.
The ogre is severely wounded.
You block the ogre's attack.
You barely miss the ogre.
The ogre is severely wounded.
The ogre hits you with a +0 giant club.
You die...

#..##.#..........#.#.<.#
#...#
#.....####...###.#.#.###
#####
#.######.........#.#.#
#[#.####.###.#.......#
..[[#........#...#####
..#.#.#[#######..#
###...#..........#
..##############.# #.#
#@# #.# ######O# #.#
#......#
#.#########.....>#
#.##.............#
#.##.######.....##
#........########
#..##.##.# #).##.##.#


You could see an ogre.

Vanquished Creatures
  Terence (D:3)
  A worker ant (D:4)
  An orc wizard (D:3)
  9 adders
  4 worms
  2 dart slugs
  A leopard gecko (D:2)
  16 orcs
  4 giant cockroaches
  2 goblins
  3 hobgoblins
  8 kobolds
  2 quokkas
  A ball python (D:2)
  11 bats
  7 frilled lizards
  5 rats
78 creatures vanquished.

Notes
Turn   | Place    | Note
-------+----------+-------------------------------------------
     0 | D:1      | sankara the Gnoll Fighter began the quest for the Orb.
     0 | D:1      | Reached XP level 1. HP: 23/23 MP: 1/1
   268 | D:1      | Reached XP level 2. HP: 29/29 MP: 2/2
   692 | D:1      | Reached XP level 3. HP: 35/35 MP: 3/3
  1118 | D:2      | Reached skill level 1 in Invocations
  1290 | D:2      | Reached skill level 1 in Short Blades
  1290 | D:2      | Reached skill level 1 in Long Blades
  1290 | D:2      | Reached skill level 1 in Axes
  1290 | D:2      | Reached skill level 1 in Polearms
  1290 | D:2      | Reached skill level 1 in Staves
  1290 | D:2      | Reached skill level 1 in Slings
  1290 | D:2      | Reached skill level 1 in Bows
  1290 | D:2      | Reached skill level 1 in Crossbows
  1290 | D:2      | Reached skill level 1 in Throwing
  1290 | D:2      | Reached skill level 1 in Dodging
  1290 | D:2      | Reached skill level 1 in Stealth
  1290 | D:2      | Reached skill level 1 in Unarmed Combat
  1290 | D:2      | Reached skill level 1 in Spellcasting
  1290 | D:2      | Reached skill level 1 in Evocations
  1460 | D:2      | Reached XP level 4. HP: 39/41 MP: 5/5
  1604 | D:3      | Reached skill level 1 in Conjurations
  1604 | D:3      | Reached skill level 1 in Hexes
  1604 | D:3      | Reached skill level 1 in Summonings
  1604 | D:3      | Reached skill level 1 in Necromancy
  1604 | D:3      | Reached skill level 1 in Translocations
  1604 | D:3      | Reached skill level 1 in Transmutations
  1604 | D:3      | Reached skill level 1 in Fire Magic
  1604 | D:3      | Reached skill level 1 in Ice Magic
  1604 | D:3      | Reached skill level 1 in Air Magic
  1604 | D:3      | Reached skill level 1 in Earth Magic
  1604 | D:3      | Reached skill level 1 in Poison Magic
  1708 | D:3      | Noticed Terence
  1734 | D:3      | Reached XP level 5. HP: 31/47 MP: 6/6
  1757 | D:3      | Killed Terence
  2971 | D:4      | Reached XP level 6. HP: 48/53 MP: 8/8
  3099 | D:3      | Slain by an ogre

Illustrated notes

Levels and vault maps discovered:
D:1:      shiori_arrival_oz, layout_basic
D:2:      layout_basic, minmay_pentomino_q2
D:3:      layout_basic, uniq_terence
D:4:      layout_rooms

Skill      XL: |  1  2  3  4  5 |
---------------+----------------+-----
Invocations    | 1 2 |  2.0
Short Blades   | 1 |  1.8
Long Blades    | 1 |  1.8
Axes           | 1 |  1.8
Polearms       | 1 |  1.8
Staves         | 1 |  1.8
Slings         | 1 |  1.8
Bows           | 1 |  1.8
Crossbows      | 1 |  1.8
Throwing       | 1 |  1.8
Dodging        | 1 |  1.8
Stealth        | 1 |  1.8
Unarmed Combat | 1 |  1.8
Spellcasting   | 1 |  1.8
Evocations     | 1 |  1.8
Conjurations   | 1 |  1.4
Hexes          | 1 |  1.4
Summonings     | 1 |  1.4
Necromancy     | 1 |  1.4
Translocations | 1 |  1.4
Transmutations | 1 |  1.4
Fire Magic     | 1 |  1.4
Ice Magic      | 1 |  1.4
Air Magic      | 1 |  1.4
Earth Magic    | 1 |  1.4
Poison Magic   | 1 |  1.4
Fighting       | |  6.8
Maces & Flails | |  4.9
Armour         | |  6.8
Shields        | |  6.8

Action                   |  1- 3 |  4- 6 || total
-------------------------+-------+-------++-------
Melee: Flail             |    18 |       ||    18
       Whip              |   113 |   215 ||   328
       Bite              |    14 |    29 ||    43
Armor: Scale mail        |    50 |    35 ||    85
       Chain mail        |       |    23 ||    23
Dodge: Dodged            |    38 |    39 ||    77
Block: Kite shield       |    70 |    86 ||   156
